 Dungeon Crawl Stone Soup version 0.29-a0-359-g541a27f54d (webtiles) character file.

Game seed: 11979220715620371575

4 spiderkeys the Skirmisher (level 1, -2/20 HPs)
             Began as a Deep Dwarf Abyssal Knight on Apr 27, 2022.
             Was a Believer of Lugonu.
             Slain by a gnoll
             ... wielding a +0 spear
              (7 damage)
             ... on level 1 of the Dungeon.
             The game lasted 00:01:12 (304 turns).

spiderkeys the Skirmisher (DDAK)                     Turns: 304, Time: 00:01:12

Health: -2/20      AC:  3    Str: 16    XL:     1   Next: 58%
Magic:  2/2        EV: 11    Int: 10    God:    Lugonu [**....]
Gold:   0          SH:  0    Dex: 13    Spells: 0/0 levels left

rFire   . . .      SeeInvis .   a - +1 hand axe
rCold   . . .      Faith    .   (no shield)
rNeg    . . .      Spirit   .   b - +0 leather armour
rPois   .          Reflect  .   (no helmet)
rElec   .          Harm     .   (no cloak)
rCorr   .          Rampage  .   (no gloves)
Will    .....                   (no boots)
Stlth   +.........              (no amulet)
HPRegen 0.00/turn               (no ring)
MPRegen 0.08/turn               (no ring)

@: no status effects
A: damage resistance, heal wounds, sense surroundings 1, no regeneration
a: Heal Wounds, Renounce Religion, Depart the Abyss, Bend Space


You were on level 1 of the Dungeon.
You worshipped Lugonu.
Lugonu was pleased with you.
You visited 1 branch of the dungeon, and saw 1 of its levels.
You visited the Abyss 1 time.


Innate Abilities, Weirdness & Mutations

You are resistant to damage.
You can heal yourself by infusing magical energy.
You passively map a small area around you.
You do not regenerate.


   Skills:
 + Level 2.8 Fighting
 + Level 2.3 Axes
 - Level 2.1 Armour
 + Level 1.2 Dodging
 + Level 2.6 Invocations


You couldn't memorise any spells.
You didn't know any spells.
Your spell library was empty.

Inventory:

Hand Weapons
 a - a +1 hand axe (weapon)
Missiles
 d - 29 stones (quivered)
 e - 4 boomerangs
Armour
 b - a +0 leather armour (worn)
 c - a +0 leather armour
   (You found it on level 1 of the Dungeon)

Dungeon Overview and Level Annotations

Branches:
Dungeon (1/15)

Altars:

** #..# * , * , #..# ,
, *,, #..####.# .. , ,
#.......# #♣.* *
#.####### #.. ,, , *
#r# #.# #.# #.# ,*
######.###########.####
, ,
♣......rg@...##.......#
,♣#♣♣
♣♣###...####.......##.#
♣#..♣ ♣........#
####.##.##.# #.##♣*
.♣.##...## #.......#
...##* .. ##.##
####.#### ....# ## #.#
##..# ...## #.# #...#
..## #+# ##.## .## , *
#)#


You could see a gnoll and a rat.


Message History

A rat comes into view.
A rat is nearby!
A rat is nearby!
A rat is nearby!
You throw a stone.
The stone hits the rat but does no damage.
You throw a stone. The stone closely misses the rat.
You throw a stone. The stone hits the rat.
You throw a stone.
The stone hits the rat but does no damage.
You throw a stone. The stone barely misses the rat.
You closely miss the rat. The rat barely misses you.
You closely miss the rat. The rat closely misses you.
You hit the rat.
You kill the rat!
Lugonu accepts your kill.
No target in view!
d - 26 stones (gained 1)
d - 27 stones (gained 1)
d - 28 stones (gained 1)
d - 29 stones (gained 1)
A bat comes into view.
A bat is nearby!
A bat is nearby!
You throw a stone.
The stone hits the bat but does no damage.
You throw a stone. The stone misses the bat.
The bat hits you. x2
You hit the bat.
You kill the bat!
Lugonu accepts your kill.
You see here a bat corpse.
d - 28 stones (gained 1)
d - 29 stones (gained 1) Key pressed, stopping explore.
e - 4 boomerangs You see here a bat corpse.
A kobold comes into view. It is wielding a +0 dagger.
The kobold shouts!
Throw: 4 boomerangs
Press: ? - help, Shift-Dir - straight line, f - kobold
Aim: a kobold, wielding a +0 dagger (50% to hit)
You throw a boomerang. The boomerang barely misses the kobold.
Throw: 4 boomerangs
Press: ? - help, Shift-Dir - straight line, f/p - kobold
Aim: a kobold, wielding a +0 dagger (50% to hit)
You throw a boomerang.
The boomerang hits the kobold but does no damage.
Throw: 4 boomerangs
Press: ? - help, Shift-Dir - straight line, f/p - kobold
Aim: a kobold, wielding a +0 dagger (50% to hit)
You throw a boomerang. The boomerang hits the kobold.
You throw a stone. The stone hits the kobold.
You closely miss the kobold. The kobold completely misses you.
The kobold hits you but does no damage.
You hit the kobold.
You kill the kobold!
Lugonu accepts your kill.
You see here a +0 dagger.
d - 29 stones (gained 1)
A gnoll comes into view. It is wielding a +0 spear.
The gnoll shouts!
Okay, then.
Throw: 4 boomerangs
Press: ? - help, Shift-Dir - straight line, f - gnoll
Aim: a gnoll, wielding a +0 spear (61% to hit)
You throw a boomerang. The boomerang barely misses the gnoll.
A rat comes into view.
Throw: 4 boomerangs
Press: ? - help, Shift-Dir - straight line, f/p - gnoll
Aim: a gnoll, wielding a +0 spear (61% to hit)
You throw a boomerang. The boomerang hits the gnoll.
A ball python comes into view.
Throw: 4 boomerangs
Press: ? - help, Shift-Dir - straight line, f/p - gnoll
Aim: a gnoll, wielding a +0 spear (moderately wounded, 61% to hit)
You throw a boomerang. The ball python hisses angrily.
The boomerang hits the gnoll.
Throw: 4 boomerangs
Press: ? - help, Shift-Dir - straight line, f/p - gnoll
Aim: a gnoll, wielding a +0 spear (heavily wounded, 61% to hit)
You throw a boomerang. The boomerang hits the gnoll.
The gnoll hits you from afar with a +0 spear. 😕 HP[-1]
You take 1 damage, and now have 16/20 hp.
Throw: 4 boomerangs
Press: ? - help, Shift-Dir - straight line, f/p - gnoll
Aim: a gnoll, wielding a +0 spear (severely wounded, 61% to hit)
You throw a boomerang. The boomerang hits the gnoll.
The gnoll hits you from afar with a +0 spear. 😮 HP[-4]
You take 4 damage, and now have 12/20 hp.
The gnoll hits you with a +0 spear.
* * * LOW HITPOINT WARNING * * *
😨 HP[-4]
You take 4 damage, and now have 8/20 hp.
You closely miss the gnoll. The gnoll hits you with a +0 spear.
* * * LOW HITPOINT WARNING * * *
The gnoll hits you with a +0 spear!
You die...

Action                   || total
-------------------------++-------
Melee: Hand axe          ||    16
Throw: Stone             ||    15
       Boomerang         ||     8
Armor: Leather armour    ||     2
Dodge: Dodged            ||    12

Levels and vault maps discovered:
D:1:      mushboom_english_gardens, layout_loops_corners, serial_forest,
          infiniplex_forest_end_double, infiniplex_forest_lined_room_3,
          infiniplex_forest_straight_2, infiniplex_forest_zigzag_1,
          infiniplex_forest_split, infiniplex_forest_clump_C, minmay_vboxes

Notes
Turn   | Place    | Note
-------+----------+-------------------------------------------
     0 | Abyss:1  | spiderkeys the Deep Dwarf Abyssal Knight began the quest
                  | for the Orb.
     0 | Abyss:1  | Reached XP level 1. HP: 20/20 MP: 2/2
     0 | Abyss:1  | magus.rc [v1.11.3]
    14 | D:1      | You pass through the gate.
    14 | D:1      | Escaped the Abyss
   304 | D:1      | HP: 5/20 [gnoll/+0 spear (3)]
   304 | D:1      | Slain by a gnoll

Vanquished Creatures
  A quokka (D:1)
  A bat (D:1)
  2 kobolds (D:1)
  A rat (D:1)
5 creatures vanquished.

Table legend:
 A = Non-vault XP
 B = Vault XP
 C = Vault XP percentage of total XP
 D = Non-vault monster count
 E = Vault monster count
 F = Vault count percentage of total count
                 A         B        C        D         E       F
            +---------+---------+-------+---------+---------+-------
      Total |       7 |       0 |   0.0 |       5 |       0 |   0.0
            +---------+---------+-------+---------+---------+-------
        D:1 |       7 |       0 |   0.0 |       5 |       0 |   0.0
            +---------+---------+-------+---------+---------+-------

Illustrated notes

Table legend:
 A = Kills in this place as a percentage of kills in entire the game.
 B = Kills by you in this place as a percentage of kills by you in the entire game.
 C = Kills by friends in this place as a percentage of kills by friends in the entire game.
 D = Other kills in this place as a percentage of other kills in the entire game.
 E = Experience gained in this place as a percentage of experience gained in the entire game.
 F = Experience gained in this place divided by the number of levels of this place that you have seen.
                   A       B       C       D       E      F
               +-------+-------+-------+-------+-------+----------------------
         Total | 100.0 | 100.0 |   N/A |   N/A | 100.0 |   3.5
       Dungeon | 100.0 | 100.0 |   N/A |   N/A | 100.0 |   7.0
               +-------+-------+-------+-------+-------+----------------------

Table legend: (Time is in decaauts)
 A = Elapsed time spent in this place.
 B = Non-inter-level travel time spent in this place.
 C = Inter-level travel time spent in this place.
 D = Time resting spent in this place.
 E = Time spent auto-exploring this place.
 F = Levels seen in this place.
 G = Mean time per level.
                   A        B        C        D        E       F      G
               +--------+--------+--------+--------+--------+-----+--------+
         Total |    310 |    310 |      0 |      0 |    238 |   2 |  155.0 |
       Dungeon |    296 |    296 |      0 |      0 |    230 |   1 |  296.0 |
         Abyss |     14 |     14 |      0 |      0 |      8 |   1 |   14.0 |
               +--------+--------+--------+--------+--------+-----+--------+

Top non-repeatable levels by time:
     D:1: 296 daAuts
 Abyss:1: 14 daAuts
